 Dungeon Crawl Stone Soup version 0.28.0 (webtiles) character file.

Game seed: 6421385663174472491

35 BecksGhost the Skirmisher (level 3, 0/31 HPs)
             Began as a Palentonga Fighter on Feb 11, 2022.
             Slain by a hobgoblin (3 damage)
             ... led by Robin
             ... on level 2 of the Dungeon.
             The game lasted 00:02:30 (766 turns).

BecksGhost the Skirmisher (Palentonga Fighter)       Turns: 766, Time: 00:02:30

Health: 0/31       AC:  8    Str: 21    XL:     3   Next: 17%
Magic:  2/3        EV:  7    Int:  8    God:
Gold:   3          SH:  5    Dex:  9    Spells: 2/2 levels left

rFire   . . .      SeeInvis +   a - +0 war axe
rCold   . . .      Faith    .   c - +1 buckler
rNeg    . . .      Spirit   .   b - +0 scale mail
rPois   .          Reflect  .   e - +2 hat
rElec   .          Harm     .   (no cloak)
rCorr   .          Rampage  .   (no gloves)
Will    .....                   (no barding)
Stlth   ..........              (no amulet)
HPRegen 0.10/turn               (no ring)
MPRegen 0.08/turn               (no ring)

@: mighty, lethally poisoned (0 -> -9)
A: large, rugged brown scales 3, see invisible, deformed body, roll 1, armoured
tail
a: Rolling Charge


You were on level 2 of the Dungeon.
You visited 1 branch of the dungeon, and saw 2 of its levels.

You collected 3 gold pieces.

Inventory:

Hand Weapons
 a - a +0 war axe (weapon)
Armour
 b - a +0 scale mail (worn)
 c - a +1 buckler (worn)
 e - a +2 hat (worn)
Scrolls
 g - a scroll of teleportation {unknown}
 h - a scroll of identify {unknown}


   Skills:
 + Level 3.3 Fighting
 + Level 2.5 Axes
 + Level 2.8 Armour
 + Level 2.6 Shields


You had 2 spell levels left.
You didn't know any spells.
Your spell library was empty.

Dungeon Overview and Level Annotations

Branches:
Dungeon (2/15)

Altars:
Dithmenos

Annotations:
D:2 Robin


Innate Abilities, Weirdness & Mutations

You are completely covered in rugged brown scales. (AC +3, +7% HP)
You have supernaturally acute eyesight. (SInv)
Armour fits poorly on your strangely shaped body.
You can roll at nearby foes to attack.
You have a long armoured tail.


Message History

The hobgoblin hits you but does no damage.
Unknown command.
You hit the goblin.
The goblin is severely wounded.
You slash the hobgoblin!
You kill the hobgoblin!
You feel very sick.
The goblin hits you with a +0 dagger of venom.
You block the goblin's attack. Robin throws the goblin at you!
The goblin unwields a +0 hunting sling.
The goblin wields a +1 antimagic dagger.
The goblin hits you but does no damage. You block the goblin's attack.
There are monsters nearby!
Unknown command.
You feel very mighty all of a sudden.
You feel sick. The goblin hits you but does no damage.
You are lethally poisoned!
You block the goblin's attack.
The goblin hits you with a +1 antimagic dagger.
You feel your power leaking away.
You slash the goblin!
You kill the goblin!
You slash the goblin!
You kill the goblin!
You slash the goblin!
You kill the goblin!
* * * LOW HITPOINT WARNING * * *
You feel very sick.
Okay, then.
Roll where?
Press: ? - help, Dir - move target, f - Robin
Aim: Robin, wielding a +0 club, wearing a +0 animal skin and wearing a +0 helmet You roll forward with a clatter of scales!
You barely miss Robin. You closely miss the goblin. You hit the hobgoblin.
* * * LOW HITPOINT WARNING * * *
You feel very sick.
You hear a shout!
Robin closely misses you. The goblin hits you but does no damage.
The hobgoblin hits you.
You die...

### #... #..(# #....
...... #.....#
#.....g### ##
#....gg@g# #.
########○## .# ####.#
#))###..# #.....#####
##......# #.......#
##.......#
#......<###.........#
#.........'.........+
#.......###.........#
#.#...#.# ##.......##


You could see Robin, 2 hobgoblins and a goblin (strong).

Vanquished Creatures
  A dart slug (D:1)
  2 bats (D:1)
  4 endoplasms
  8 goblins
  4 hobgoblins
  2 kobolds (D:1)
  3 ball pythons (D:1)
  3 frilled lizards (D:1)
  2 rats (D:1)
29 creatures vanquished.

Vanquished Creatures (others)
  A plant (D:2)
1 creature vanquished.

Grand Total: 30 creatures vanquished

Notes
Turn   | Place    | Note
-------+----------+-------------------------------------------
     0 | D:1      | BecksGhost the Palentonga Fighter began the quest for the
                  | Orb.
     0 | D:1      | Reached XP level 1. HP: 19/19 MP: 1/1
   185 | D:1      | Reached XP level 2. HP: 25/25 MP: 2/2
   189 | D:1      | Found a faded altar of an unknown god.
   245 | D:1      | Prayed at the altar of an unknown god.
   245 | D:1      | Became a worshipper of Dithmenos the Shadowed
   245 | D:1      | Reached * piety under Dithmenos
   246 | D:1      | Fell from the grace of Dithmenos
   753 | D:2      | Noticed Robin
   759 | D:2      | Reached XP level 3. HP: 31/31 MP: 3/3
   766 | D:2      | Slain by a hobgoblin

Illustrated notes

Levels and vault maps discovered:
D:1:      dpeg_arrival_concentric_ovals, layout_basic,
          ebering_ecumenical_altar_box
D:2:      cheibrodos_greedy_goblins, layout_loops_corners, serial_bayou,
          serial_bayou_crossing, serial_bayou_ford_a, serial_bayou_pond_e,
          serial_bayou_shore_b, uniq_robin

Action                   || total
-------------------------++-------
Melee: War axe           ||    56
       Tailslap          ||     5
Invok: Renounce Religion ||     1
 Abil: Rolling Charge    ||     1
  Use: Scroll            ||     1
       Potion            ||     1
Armor: Scale mail        ||    32
Dodge: Dodged            ||    19
Block: Buckler           ||    20
